 Dungeon Crawl Stone Soup version 0.21-a0-51-gea492e9 (webtiles) character file.

515 nikopol the Skirmisher (level 7, 0/44 HPs)
             Began as a Gargoyle Fighter on June 12, 2017.
             Slain by an adder (1 damage)
             ... in a sewer.
             The game lasted 00:09:02 (3174 turns).

nikopol the Skirmisher (Gargoyle Fighter)           Turns: 3174, Time: 00:09:03

Health: 0/44       AC: 13    Str: 25    XL:     7   Next: 20%
Magic:  7/7        EV:  5    Int:  9    God:
Gold:   116        SH: 10    Dex: 10    Spells: 6/6 levels left

rFire    . . .     SeeInvis .   a - +0 war axe
rCold    . . .     Gourm    .   z - +0 shield (curse)
rNeg     + . .     Faith    .   b - +0 scale mail
rPois    ∞         Spirit   .   p - +0 helmet
rElec    +         Reflect  .   (no cloak)
rCorr    .         Harm     .   (no gloves)
MR       .....                  (no boots)
Stlth    ..........             (no amulet)
Regen    0.2/turn               (no ring)
MPRegen  0.1/turn               (no ring)

@: mighty, constricted
A: negative energy resistance 1, electricity resistance, unbreathing,
petrification resistance, rot immunity, AC +4
a: no special abilities


You were in a sewer.
You were not hungry.

You visited 1 branch of the dungeon, and saw 4 of its levels.
You also visited: Sewer.

You collected 116 gold pieces.

Inventory:

Hand Weapons
 a - a +0 war axe (weapon)
Armour
 b - a +0 scale mail (worn)
 c - a +0 shield
 p - a +0 helmet (worn)
 z - a cursed +0 shield (worn)
Jewellery
 l - an uncursed amulet of rage {unknown}
Scrolls
 h - 2 scrolls of amnesia
 j - a scroll of fog {unknown}
 r - 2 scrolls of identify
 s - a scroll of teleportation {unknown}
 t - a scroll of fear {unknown}
 u - a scroll of enchant armour {unknown}
 y - 2 scrolls of magic mapping
Potions
 d - 2 potions of might
 e - a potion of cancellation {unknown}
 k - a potion of flight {unknown}
 m - 4 potions of mutation
 n - 2 potions of heal wounds {unknown}
 o - 2 potions of curing {unknown}
 q - a potion of ambrosia {unknown}
 w - 2 potions of brilliance {unknown}
 x - a potion of agility {unknown}
Books
 v - a book of Minor Magic

   Spells                             Type                      Level
   a - Magic Dart                     Conjuration                  1
   b - Blink                          Translocation                2
   c - Call Imp                       Summoning                    2
   d - Slow                           Hexes                        2
   e - Conjure Flame                  Conjuration/Fire             3
   f - Mephitic Cloud                 Conjuration/Poison/Air       3
Comestibles
 f - a bread ration
 g - a royal jelly
 i - 6 chunks of flesh


   Skills:
 + Level 5.2 Fighting
 + Level 4.0 Axes
 + Level 4.8 Armour
 + Level 5.1 Shields


You had 6 spell levels left.
You didn't know any spells.

Dungeon Overview and Level Annotations

Branches:
Dungeon (4/15)
 Temple: D:4-7

Altars:
Makhleb
Zin


Innate Abilities, Weirdness & Mutations

You are resistant to torment.
Your stone body is resilient. (AC +4)
You are immune to poison.
You resist negative energy. (rN+)
You are resistant to electric shocks. (rElec)
You can survive without breathing.
You are immune to petrification.
You are immune to rotting.


Message History

You slice the bullfrog!!
You kill the bullfrog!
Your Fighting skill increases to level 5!
Your Shields skill increases to level 5!
You have reached level 7!
You miss the bullfrog. You closely miss the adder.
You barely miss the ball python. You block the adder's attack.
You block the bullfrog's attack. You block the ball python's attack.
The ball python grabs you. The ball python constricts you.
The adder barely misses you. You block the bullfrog's attack.
The ball python bites you but does no damage.
* * * LOW HITPOINT WARNING * * *
The ball python constricts you.
You barely miss the ball python. You slash the bullfrog!
You kill the bullfrog!
Your Axes skill increases to level 4!
You miss the adder. The adder barely misses you.
You block the ball python's attack. The ball python constricts you.
The adder barely misses you. The adder bites you.
You die...

# ######
######
##.....
##....##
##......
#......+
#.......
#......#
##......#
#...S..#
#......##
#.≈..@##
##≈≈.≈.##
#≈≈≈#SS#
#≈≈≈≈≈≈##
#≈≈≈≈≈≈#
#≈≈≈≈≈≈#
#≈≈≈≈≈≈#
#≈≈≈≈≈≈#
#≈≈≈†≈≈#
#≈≈≈≈≈≈#
#≈#≈≈≈≈#
#≈≈≈≈≈≈#
#≈†≈≈≈≈#
#≈≈≈≈≈≈#
#≈.≈≈≈≈#
#≈≈≈≈≈≈#
#≈.≈≈≈≈#
#≈.≈≈≈##


You could see 2 adders and a ball python.

Vanquished Creatures
  2 bullfrogs (Sewer)
  A hound (D:3)
  Jessica (D:2)
  Ijyb (D:4)
  16 adders
  5 river rats (Sewer)
  An ooze (D:4)
  2 worms (D:3)
  4 leopard geckos
  2 orcs (D:3)
  7 bats
  4 giant cockroaches
  9 goblins
  6 hobgoblins
  3 jackals (D:3)
  5 kobolds
  14 ball pythons
  4 frilled lizards
  30 rats
117 creatures vanquished.

Notes
Turn   | Place    | Note
-------+----------+-------------------------------------------
     0 | D:1      | nikopol the Gargoyle Fighter began the quest for the Orb.
     0 | D:1      | Reached XP level 1. HP: 14/14 MP: 1/1
   294 | D:1      | Reached XP level 2. HP: 19/19 MP: 2/2
   912 | D:2      | Reached XP level 3. HP: 18/23 MP: 3/3
  1252 | D:2      | Reached XP level 4. HP: 27/29 MP: 4/4
  1262 | D:2      | Noticed Jessica
  1286 | D:2      | Killed Jessica
  1537 | D:2      | Noticed a cacodemon
  1538 | D:2      | Found a burning altar of Makhleb.
  1549 | D:2      | Reached XP level 5. HP: 33/33 MP: 5/5
  1556 | D:2      | Found a glowing silver altar of Zin.
  1556 | D:2      | Noticed an angel
  2437 | D:3      | Reached XP level 6. HP: 32/39 MP: 6/6
  2550 | D:4      | Noticed Ijyb
  2568 | D:4      | Killed Ijyb
  2600 | D:4      | Found a glowing drain.
  2637 | Sewer    | Entered a sewer
  3169 | Sewer    | HP: 1/40 [bullfrog (2)]
  3173 | Sewer    | Reached skill level 5 in Fighting
  3173 | Sewer    | Reached skill level 5 in Shields
  3173 | Sewer    | Reached XP level 7. HP: 2/44 MP: 7/7
  3174 | Sewer    | Slain by an adder

Vault maps used:
D:1:      dpeg_arrival_solitude
D:2:      grunt_temple_overflow_order_and_chaos_2, uniq_jessica
D:3:      minmay_diamond_boxcup
D:4:      portal_sewer_entry_f, supply_closet_lemuel, uniq_ijyb, uniq_edmund
Sewer:    sewer_minmay_w

Skill      XL: |  1  2  3  4  5  6  7 |
---------------+----------------------+-----
Axes           | 2 3 4 |  4.0
Fighting       | 4 5 |  5.2
Shields        | 4 5 |  5.1
Armour         | 4 |  4.8

Action                   |  1- 3 |  4- 6 |  7- 9 || total
-------------------------+-------+-------+-------++-------
Melee: War axe           |   141 |   311 |     1 ||   453
  Use: Scroll            |       |     4 |       ||     4
       Potion            |       |     1 |       ||     1
  Eat: Chunk             |     1 |     8 |       ||     9
Armor: Scale mail        |    87 |   261 |     1 ||   349
Dodge: Dodged            |    44 |   126 |     3 ||   173
Block: Shield            |    99 |   216 |     5 ||   320
